 Dungeon Crawl Stone Soup version 0.30-a0-540-g0af01429fa (webtiles) character file.

Game seed: 8637204394663130359

5598 greenreed the Basher (level 10, -8/91 HPs)
             Began as a Minotaur Fighter on Dec 26, 2022.
             Was a Believer of Makhleb.
             Killed from afar by an acid dragon (26 damage)
             ... with a splash of acid
             ... on level 9 of the Dungeon.
             The game lasted 00:16:46 (8633 turns).

greenreed the Basher (Minotaur Fighter)             Turns: 8633, Time: 00:16:47

Health: -8/91      AC:  8    Str: 26    XL:     10   Next: 45%
Magic:  12/12      EV: 10    Int:  5    God:    Makhleb [**....]
Gold:   518        SH:  5    Dex:  9    Spells: 9/9 levels left

rFire   . . .      SeeInvis .    L - +0 morningstar
rCold   . . .      Faith    .    c - +0 buckler
rNeg    . . .      Spirit   .    b - +0 scale mail
rPois   +          Reflect  .    (helmet restricted)
rElec   .          Harm     .    u - +1 cloak
rCorr   .          Rampage  .    (no gloves)
Will    +....                    w - +0 pair of boots Stlth
                                 (no amulet)
HPRegen 0.35/turn                e - ring of poison resistance
MPRegen 0.13/turn                P - ring of willpower

@: corroded
A: horns 2, retaliatory headbutt
a: Renounce Religion, Minor Destruction


You were on level 9 of the Dungeon.
You worshipped Makhleb.
Makhleb was pleased with you.
You visited 2 branches of the dungeon, and saw 10 of its levels.
You also visited: Ossuary.

You collected 578 gold pieces.
You spent 60 gold pieces at shops.

Inventory:

Hand Weapons
 a - a +0 flail
 L - a +0 morningstar (weapon)
Missiles
 B - 2 atropa-tipped darts (quivered)
Armour
 b - a +0 scale mail (worn)
 c - a +0 buckler (worn)
 u - a +1 cloak (worn)
 w - a +0 pair of boots (worn)
 z - a +2 kite shield
Jewellery
 e - a ring of poison resistance (left hand)
 i - a ring of resist corrosion
 n - a ring of ice
 s - a +6 ring of strength
 P - a ring of willpower (right hand)
Wands
 y - a wand of quicksilver (7)
 C - a wand of flame (13)
 M - a wand of roots (5)
Scrolls
 d - a scroll of poison
 f - 2 scrolls of acquirement {unknown}
 g - 6 scrolls of enchant weapon
 h - 3 scrolls of immolation
 m - 7 scrolls of noise
 o - 3 scrolls of amnesia {unknown}
 q - a scroll of enchant armour
 t - 4 scrolls of blinking {unknown}
 x - 2 scrolls of teleportation {unknown}
 D - a scroll of vulnerability
 E - a scroll of magic mapping
 G - a scroll of butterflies
 H - a scroll of fear
 J - a scroll of brand weapon
Potions
 j - 2 potions of ambrosia {unknown}
 k - 4 potions of haste {unknown}
 l - 5 potions of curing
 p - 2 potions of heal wounds
 r - 2 potions of invisibility {unknown}
 v - 5 potions of brilliance {unknown}
 A - a potion of mutation {unknown}
 F - a potion of might
 I - a potion of flight {unknown}
 K - 2 potions of cancellation {unknown}
 O - a potion of lignification {unknown}


   Skills:
 * Level 9.0 Fighting
 * Level 11.5 Maces & Flails
 + Level 1.5 Throwing
 + Level 9.0 Armour
 + Level 3.6 Dodging
 + Level 1.1 Stealth
 + Level 6.2 Shields
 * Level 4.9 Invocations


You had 9 spell levels left.
You didn't know any spells.
Your spell library contained the following spells:

 Spells                   Type           Power      Damage    Failure   Level
 Necrotise                Necr           0%         1d4       80%         1
 Sublimation of Blood     Necr           0%         N/A       91%         2
 Vampiric Draining        Necr           0%         2d6       99%         3
 Petrify                  Tmut/Erth      0%         N/A       100%        4
 Agony                    Necr           0%         N/A       100%        5
 Irradiate                Conj/Tmut      0%         3d11      100%        5


Dungeon Overview and Level Annotations

Branches:
Dungeon (9/15)             Temple (1/1) D:5             Orc (0/2) D:9
Ossuary (visited)
   Lair: D:8-11

Altars:
Ashenzari
Cheibriados
Dithmenos
Elyvilon
Fedhas
Gozag
Hepliaklqana
Kikubaaqudgha
Makhleb
Nemelex Xobeh
Okawaru
Qazlal
Ru
Sif Muna
Trog
Uskayaw
Vehumet
Wu Jian
Xom
Yredelemnul
Zin
The Shining One

Shops:
D:3 !   D:4 :   D:8 :   D:9 [


Innate Abilities, Weirdness & Mutations

You have a pair of horns on your head.
You reflexively headbutt those who attack you in melee.


Message History

You closely miss the acid dragon.
The acid dragon bites you but does no damage.
The acid dragon claws you but does no damage.
A yak comes into view.
You barely miss the acid dragon.
The yak bellows!
The acid dragon spits acid at you. The splash of acid hits you!!
The acid corrodes you!
A yak comes into view.
The yak bellows!
You closely miss the acid dragon. The acid dragon misses you.
The acid dragon claws you.
You barely miss the acid dragon. The acid dragon barely misses you.
The acid dragon claws you but does no damage.
You hit the acid dragon but do no damage.
You headbutt the acid dragon!
The acid dragon is moderately wounded.
The acid dragon barely misses you. You furiously retaliate!
You headbutt the acid dragon.
The acid dragon claws you but does no damage.
You barely miss the acid dragon.
The acid dragon is moderately wounded.
The acid dragon barely misses you. You furiously retaliate!
You headbutt the acid dragon, but do no damage.
The acid dragon claws you.
You barely miss the acid dragon.
The acid dragon is moderately wounded.
The acid dragon spits acid at you. The splash of acid hits you!!
The yak gores you but does no damage. The yak gores you. The yak gores you!
* * * LOW HITPOINT WARNING * * *
The acid dragon attacks as you move away!
The acid dragon barely misses you. You furiously retaliate!
You headbutt the acid dragon. The acid dragon barely misses you.
The yak attacks as you move away! The yak gores you.
* * * LOW HITPOINT WARNING * * *
The acid dragon spits acid at you. The splash of acid hits you!!
You die...

.# #### #####.<....# #....
.#######..# #..........# #....
..........# #..........####....
..........# #..................
..........#####............######
...........................#
...........................#
##############.............#
#..@#######...# #...# #...#


#DYY# #...# #Y.Y# #...# #...# # #...# .. #...# ... #...# ... #.... ... You could
see 4 yaks and an acid dragon (catching breath).

Vanquished Creatures
  A two-headed ogre (D:8)
  Pikel (D:9)
  Maggie (D:7)
  3 kobold demonologists (D:9)
  2 hornets
  Eustachio (D:6)
  Grum (D:9)
  Edmund (D:5)
  A water moccasin (D:9)
  2 sky beasts
  2 black bears
  4 wolves
  2 centaurs
  A phantom (D:5)
  2 kobold brigands (D:9)
  2 scorpions
  11 wights
  A jelly (D:4)
  A centaur zombie (Ossuary)
  2 orc priests (D:9)
  2 hounds
  2 gnoll boudas (D:5)
  An iguana (D:6)
  4 orc wizards
  5 mummies (Ossuary)
  9 adders
  18 gnolls
  2 shadow imps
  6 white imps
  3 dart slugs
  2 worms (D:2)
  17 orcs
  7 ball pythons
  8 endoplasms
  5 giant cockroaches
  3 gnoll zombies (Ossuary)
  13 goblins
  7 hobgoblins
  3 jackals (D:4)
  6 kobolds
  3 quokkas
  10 bats
  3 frilled lizards
  A goblin zombie (Ossuary)
  2 kobold zombies (Ossuary)
  An orc zombie (Ossuary)
  7 rats
  2 rat zombies (D:8)
194 creatures vanquished.

Vanquished Creatures (others)
  22 plants (D:4)
22 creatures vanquished.

Grand Total: 216 creatures vanquished

Notes
Turn   | Place    | Note
-------+----------+-------------------------------------------
     0 | D:1      | greenreed the Minotaur Fighter began the quest for the Orb.
     0 | D:1      | Reached XP level 1. HP: 19/19 MP: 0/0
    71 | D:1      | Reached XP level 2. HP: 27/27 MP: 1/1
    98 | D:1      | Found a faded altar of an unknown god.
   352 | D:1      | Reached XP level 3. HP: 33/33 MP: 2/2
   773 | D:2      | Reached skill level 3 in Maces & Flails
   944 | D:2      | Reached XP level 4. HP: 38/40 MP: 3/3
  1328 | D:3      | Noticed a black bear
  1340 | D:3      | Killed a black bear
  1341 | D:3      | Reached skill level 4 in Maces & Flails
  1341 | D:3      | Reached skill level 5 in Armour
  1341 | D:3      | Reached skill level 1 in Dodging
  1341 | D:3      | Reached XP level 5. HP: 41/47 MP: 4/4
  1482 | D:3      | Found Pifezuze's Distillery.
  1491 | D:3      | Bought a potion of heal wounds for 50 gold pieces
  1491 | D:3      | Bought a potion of degeneration for 10 gold pieces
  1780 | D:4      | Noticed a sky beast
  1789 | D:4      | Reached XP level 6. HP: 54/55 MP: 5/5
  1815 | D:4      | Killed a sky beast
  1816 | D:4      | Reached skill level 5 in Fighting
  1816 | D:4      | Reached skill level 5 in Maces & Flails
  2254 | D:4      | Found Inomast's Book Emporium.
  2570 | D:4      | Reached XP level 7. HP: 56/61 MP: 6/6
  2733 | D:4      | Reached skill level 6 in Maces & Flails
  2930 | D:5      | Entered Level 5 of the Dungeon
  2960 | D:5      | Found a staircase to the Ecumenical Temple.
  2994 | Temple   | Entered the Ecumenical Temple
  3061 | Temple   | Became a worshipper of Makhleb the Destroyer
  3460 | D:5      | Found a stormy altar of Qazlal.
  3677 | D:5      | Reached skill level 1 in Invocations
  3836 | D:5      | Found a shimmering blue altar of Sif Muna.
  3840 | D:5      | Found a sparkling altar of Nemelex Xobeh.
  3840 | D:5      | Found a sacrificial altar of Ru.
  3844 | D:5      | Found an ornate altar of the Wu Jian Council.
  3845 | D:5      | Found a shimmering altar of Xom.
  4263 | D:6      | Reached skill level 7 in Maces & Flails
  4263 | D:6      | Reached XP level 8. HP: 15/70 MP: 8/8
  4725 | D:6      | Noticed Edmund
  4771 | D:5      | Killed Edmund
  5143 | D:6      | Noticed Eustachio
  5149 | D:6      | Killed Eustachio
  5150 | D:6      | Reached skill level 5 in Shields
  5495 | D:6      | Reached skill level 8 in Maces & Flails
  5885 | D:7      | Noticed Maggie
  5899 | D:7      | Killed Maggie
  5900 | D:7      | Reached XP level 9. HP: 32/79 MP: 10/10
  6083 | D:7      | Reached skill level 9 in Maces & Flails
  6372 | D:8      | Reached * piety under Makhleb
  6461 | D:8      | Found a sand-covered staircase.
  6474 | Ossuary  | Entered an ossuary
  7102 | D:8      | Found Ohaimmum's Self-Improvement Boutique.
  7110 | D:8      | Noticed a two-headed ogre
  7121 | D:8      | Killed a two-headed ogre
  7122 | D:8      | Reached skill level 10 in Maces & Flails
  7122 | D:8      | Reached skill level 1 in Stealth
  7493 | D:9      | Noticed Grum
  7630 | D:9      | Reached XP level 10. HP: 73/88 MP: 12/12
  7910 | D:9      | Killed Grum
  7911 | D:9      | Reached skill level 11 in Maces & Flails
  7916 | D:9      | Reached skill level 1 in Throwing
  7934 | D:9      | Reached ** piety under Makhleb
  8057 | D:9      | Found Neikaah's Armour Shoppe.
  8058 | D:9      | Found a staircase to the Orcish Mines.
  8237 | D:9      | Noticed Pikel
  8253 | D:9      | Killed Pikel
  8633 | D:9      | Killed from afar by an acid dragon

Illustrated notes

Levels and vault maps discovered:
D:1:      spicycebolla_arrival_risky_transporter, layout_rooms,
          ebering_ecumenical_altar_petrified, minmay_rat_gold_closets
D:2:      layout_basic
D:3:      layout_rooms, serial_shops, shop_statue, nicolae_elevator_lobby_plus
D:4:      layout_gridville, serial_shops, shop, serial_bayou,
          serial_bayou_pond_b, serial_bayou_lake_a, serial_bayou_pond_a,
          serial_bayou_ford_a, serial_bayou_crossing, serial_bayou_pond_c
D:5:      layout_basic, mainiacjoe_overflow_24_doors, minitemple,
          minmay_temple_entry_wispy
D:6:      layout_basic, uniq_eustachio, uniq_edmund
D:7:      layout_gridville, minivault_25, uniq_maggie
D:8:      layout_cave_pools, enter_ossuary_4, chequers_serial_rivers_micro_d,
          nicolae_shop_self_help
D:9:      layout_irregular_city, orc_david_3, uniq_grum, uniq_pikel
Temple:   nicolae_temple_slightly_damp_pantheon

Skill      XL: |  1  2  3  4  5  6  7  8  9 10 |
---------------+-------------------------------+-----
Shields        | 4 5 6 |  6.2
Armour         | 4 5 6 7 8 9 |  9.0
Maces & Flails | 3 4 5 7 8 10 11 | 11.5
Fighting       | 4 5 7 8 9 |  9.0
Dodging        | 1 2 3 |  3.6
Invocations    | 1 3 4 |  4.9
Stealth        | 1 |  1.1
Throwing       | 1 |  1.5

Action                   |  1- 3 |  4- 6 |  7- 9 | 10-12 || total
-------------------------+-------+-------+-------+-------++-------
Melee: Flail             |   121 |   152 |   251 |    68 ||   592
       Headbutt          |     8 |    18 |    53 |    22 ||   101
       Morningstar       |       |       |       |    27 ||    27
Throw: Dart              |       |       |     2 |       ||     2
  Use: Potion            |       |     1 |     1 |       ||     2
       Scroll            |       |       |     7 |     2 ||     9
Armor: Scale mail        |    66 |    91 |    87 |    64 ||   308
Dodge: Dodged            |    58 |    59 |   124 |    59 ||   300
Block: Buckler           |    24 |    45 |    56 |    23 ||   148

Table legend: (Time is in decaauts)
 A = Elapsed time spent in this place.
 B = Non-inter-level travel time spent in this place.
 C = Inter-level travel time spent in this place.
 D = Time resting spent in this place.
 E = Time spent auto-exploring this place.
 F = Levels seen in this place.
 G = Mean time per level.
                   A        B        C        D        E       F      G
               +--------+--------+--------+--------+--------+-----+--------+
         Total |   8749 |   8551 |    198 |   1159 |   5779 |  11 |  795.4 |
       Dungeon |   8256 |   8080 |    176 |   1159 |   5424 |   9 |  917.3 |
        Temple |    190 |    168 |     22 |      0 |    149 |   1 |  190.0 |
       Ossuary |    301 |    301 |      0 |      0 |    206 |   1 |  301.0 |
               +--------+--------+--------+--------+--------+-----+--------+

Top non-repeatable levels by time:
     D:5: 1370 daAuts
     D:4: 1335 daAuts
     D:8: 1179 daAuts
     D:6: 1028 daAuts
     D:7: 795 daAuts
     D:9: 769 daAuts
     D:1: 670 daAuts
     D:2: 608 daAuts
     D:3: 499 daAuts
 Ossuary: 301 daAuts
  Temple: 190 daAuts
